Workbook

Sheet Assumptions
A1: Assumption | B1: Value | C1: Unit
A2: Starting customers (Jan) | B2: 120 | C2: accounts
A3: New customers per month | B3: 35 | C3: accounts/mo
A4: Monthly growth of new customers | B4: 0.04 | C4: %/mo
A5: Monthly churn | B5: 0.035 | C5: %/mo
A6: ARPA (avg revenue per account) | B6: 49 | C6: $/mo
A7: Annual price increase (from Jan Y2) | B7: 0.08 | C7: %
A8: Payment processing fee | B8: 0.029 | C8: % of revenue
A9: Hosting cost per account | B9: 3.2 | C9: $/mo
A10: CAC (cost to acquire a customer) | B10: 260 | C10: $
A11: Team payroll | B11: 38000 | C11: $/mo
A12: Office & tools | B12: 4500 | C12: $/mo
A13: Corporate income tax | B13: 0.2 | C13: %
A14: Opening cash | B14: 250000 | C14: $

Sheet Model
A1: Month | B1: 1 | C1: 2 | D1: 3 | E1: 4 | F1: 5 | G1: 6 | H1: 7 | I1: 8 | J1: 9 | K1: 10 | L1: 11 | M1: 12 | N1: 13 | O1: 14 | P1: 15 | Q1: 16 | R1: 17 | S1: 18 | T1: 19 | U1: 20 | V1: 21 | W1: 22 | X1: 23 | Y1: 24
A2: Year | B2: =INT((B1-1)/12)+1 | C2: =INT((C1-1)/12)+1 | D2: =INT((D1-1)/12)+1 | E2: =INT((E1-1)/12)+1 | F2: =INT((F1-1)/12)+1 | G2: =INT((G1-1)/12)+1 | H2: =INT((H1-1)/12)+1 | I2: =INT((I1-1)/12)+1 | ... Y2: =INT((Y1-1)/12)+1
A3: New customers | B3: =Assumptions!$B$3*(1+Assumptions!$B$4)^(B1-1) | C3: =Assumptions!$B$3*(1+Assumptions!$B$4)^(C1-1) | D3: =Assumptions!$B$3*(1+Assumptions!$B$4)^(D1-1) | E3: =Assumptions!$B$3*(1+Assumptions!$B$4)^(E1-1) | F3: =Assumptions!$B$3*(1+Assumptions!$B$4)^(F1-1) | G3: =Assumptions!$B$3*(1+Assumptions!$B$4)^(G1-1) | H3: =Assumptions!$B$3*(1+Assumptions!$B$4)^(H1-1) | I3: =Assumptions!$B$3*(1+Assumptions!$B$4)^(I1-1) | ... Y3: =Assumptions!$B$3*(1+Assumptions!$B$4)^(Y1-1)
A4: Churned | B4: =Assumptions!$B$2*Assumptions!$B$5 | C4: =B5*Assumptions!$B$5 | D4: =C5*Assumptions!$B$5 | E4: =D5*Assumptions!$B$5 | F4: =E5*Assumptions!$B$5 | G4: =F5*Assumptions!$B$5 | H4: =G5*Assumptions!$B$5 | I4: =H5*Assumptions!$B$5 | J4: =I5*Assumptions!$B$5 | ... Y4: =X5*Assumptions!$B$5
A5: Customers (end) | B5: =Assumptions!$B$2+B3-B4 | C5: =B5+C3-C4 | D5: =C5+D3-D4 | E5: =D5+E3-E4 | F5: =E5+F3-F4 | G5: =F5+G3-G4 | H5: =G5+H3-H4 | I5: =H5+I3-I4 | J5: =I5+J3-J4 | ... Y5: =X5+Y3-Y4
A6: ARPA | B6: =IF(B1>=13,Assumptions!$B$6*(1+Assumptions!$B$7),Assumptions!$B$6) | C6: =IF(C1>=13,Assumptions!$B$6*(1+Assumptions!$B$7),Assumptions!$B$6) | D6: =IF(D1>=13,Assumptions!$B$6*(1+Assumptions!$B$7),Assumptions!$B$6) | E6: =IF(E1>=13,Assumptions!$B$6*(1+Assumptions!$B$7),Assumptions!$B$6) | F6: =IF(F1>=13,Assumptions!$B$6*(1+Assumptions!$B$7),Assumptions!$B$6) | G6: =IF(G1>=13,Assumptions!$B$6*(1+Assumptions!$B$7),Assumptions!$B$6) | H6: =IF(H1>=13,Assumptions!$B$6*(1+Assumptions!$B$7),Assumptions!$B$6) | I6: =IF(I1>=13,Assumptions!$B$6*(1+Assumptions!$B$7),Assumptions!$B$6) | ... Y6: =IF(Y1>=13,Assumptions!$B$6*(1+Assumptions!$B$7),Assumptions!$B$6)
A7: Revenue | B7: =B5*B6 | C7: =C5*C6 | D7: =D5*D6 | E7: =E5*E6 | F7: =F5*F6 | G7: =G5*G6 | H7: =H5*H6 | I7: =I5*I6 | ... Y7: =Y5*Y6
A8: Payment fees | B8: =B7*Assumptions!$B$8 | C8: =C7*Assumptions!$B$8 | D8: =D7*Assumptions!$B$8 | E8: =E7*Assumptions!$B$8 | F8: =F7*Assumptions!$B$8 | G8: =G7*Assumptions!$B$8 | H8: =H7*Assumptions!$B$8 | I8: =I7*Assumptions!$B$8 | ... Y8: =Y7*Assumptions!$B$8
A9: Hosting | B9: =B5*Assumptions!$B$9 | C9: =C5*Assumptions!$B$9 | D9: =D5*Assumptions!$B$9 | E9: =E5*Assumptions!$B$9 | F9: =F5*Assumptions!$B$9 | G9: =G5*Assumptions!$B$9 | H9: =H5*Assumptions!$B$9 | I9: =I5*Assumptions!$B$9 | ... Y9: =Y5*Assumptions!$B$9
A10: Gross profit | B10: =B7-B8-B9 | C10: =C7-C8-C9 | D10: =D7-D8-D9 | E10: =E7-E8-E9 | F10: =F7-F8-F9 | G10: =G7-G8-G9 | H10: =H7-H8-H9 | I10: =I7-I8-I9 | ... Y10: =Y7-Y8-Y9
A11: Gross margin | B11: =B10/B7 | C11: =C10/C7 | D11: =D10/D7 | E11: =E10/E7 | F11: =F10/F7 | G11: =G10/G7 | H11: =H10/H7 | I11: =I10/I7 | ... Y11: =Y10/Y7
A12: Marketing (CAC) | B12: =B3*Assumptions!$B$10 | C12: =C3*Assumptions!$B$10 | D12: =D3*Assumptions!$B$10 | E12: =E3*Assumptions!$B$10 | F12: =F3*Assumptions!$B$10 | G12: =G3*Assumptions!$B$10 | H12: =H3*Assumptions!$B$10 | I12: =I3*Assumptions!$B$10 | ... Y12: =Y3*Assumptions!$B$10
A13: Payroll | B13: =Assumptions!$B$11 | C13: =Assumptions!$B$11 | D13: =Assumptions!$B$11 | E13: =Assumptions!$B$11 | F13: =Assumptions!$B$11 | G13: =Assumptions!$B$11 | H13: =Assumptions!$B$11 | I13: =Assumptions!$B$11 | ... Y13: =Assumptions!$B$11
A14: Office & tools | B14: =Assumptions!$B$12 | C14: =Assumptions!$B$12 | D14: =Assumptions!$B$12 | E14: =Assumptions!$B$12 | F14: =Assumptions!$B$12 | G14: =Assumptions!$B$12 | H14: =Assumptions!$B$12 | I14: =Assumptions!$B$12 | ... Y14: =Assumptions!$B$12
A15: EBITDA | B15: =B10-B12-B13-B14 | C15: =C10-C12-C13-C14 | D15: =D10-D12-D13-D14 | E15: =E10-E12-E13-E14 | F15: =F10-F12-F13-F14 | G15: =G10-G12-G13-G14 | H15: =H10-H12-H13-H14 | I15: =I10-I12-I13-I14 | ... Y15: =Y10-Y12-Y13-Y14
A16: Tax | B16: =MAX(0,B15)*Assumptions!$B$13 | C16: =MAX(0,C15)*Assumptions!$B$13 | D16: =MAX(0,D15)*Assumptions!$B$13 | E16: =MAX(0,E15)*Assumptions!$B$13 | F16: =MAX(0,F15)*Assumptions!$B$13 | G16: =MAX(0,G15)*Assumptions!$B$13 | H16: =MAX(0,H15)*Assumptions!$B$13 | I16: =MAX(0,I15)*Assumptions!$B$13 | ... Y16: =MAX(0,Y15)*Assumptions!$B$13
A17: Net income | B17: =B15-B16 | C17: =C15-C16 | D17: =D15-D16 | E17: =E15-E16 | F17: =F15-F16 | G17: =G15-G16 | H17: =H15-H16 | I17: =I15-I16 | ... Y17: =Y15-Y16
A18: Cash (end) | B18: =Assumptions!$B$14+B17 | C18: =B18+C17 | D18: =C18+D17 | E18: =D18+E17 | F18: =E18+F17 | G18: =F18+G17 | H18: =G18+H17 | I18: =H18+I17 | J18: =I18+J17 | ... Y18: =X18+Y17

Sheet Summary
A1: Metric | B1: Year 1 | C1: Year 2
A2: Revenue | B2: =SUM(Model!B7:M7) | C2: =SUM(Model!N7:Y7)
A3: EBITDA | B3: =SUM(Model!B15:M15) | C3: =SUM(Model!N15:Y15)
A4: Net income | B4: =SUM(Model!B17:M17) | C4: =SUM(Model!N17:Y17)
A5: Customers (end) | B5: =Model!M5 | C5: =Model!Y5
A6: Cash (end) | B6: =Model!M18 | C6: =Model!Y18
A7: LTV / CAC | B7: =(Assumptions!B6*Model!B11/Assumptions!B5)/Assumptions!B10
A9: Blue cells = corrected by Topshare Digital audit, see report.
